 Dungeon Crawl Stone Soup version 0.24.1-14-gf8d2b509d9 (webtiles) character file.

Game seed: 9219618326124380017, levelgen mode: deterministic

1344 mortelune the Changer (level 8, 0/81 HPs)
             Began as an Octopode Transmuter on May 17, 2020.
             Was an Initiate of Cheibriados.
             Succumbed to a scorpion's poison
             ... on level 6 of the Dungeon.
             The game lasted 00:13:54 (9548 turns).

mortelune the Changer (Octopode Transmuter)         Turns: 9548, Time: 00:13:54

Health: 0/81       AC:  1    Str: 14 (15) XL:     8   Next: 62%
Magic:  16/16      EV: 28    Int: 19      God:    Cheibriados [......]
Gold:   345        SH:  4    Dex: 11 (13) Spells: 7/17 levels left

rFire    . . .     SeeInvis .     - Unarmed
rCold    + . .     Gourm    .   o - +0 buckler
rNeg     . . .     Faith    .   (helmet restricted)
rPois    .         Spirit   .   Q - amulet of the acrobat
rElec    .         Reflect  .   a - ring of stealth
rCorr    .         Harm     .   I - ring of protection from cold
MR       .....                  i - ring of stealth
Stlth    ..........             (no ring)
HPRegen  0.23/turn              (no ring)
MPRegen  0.15/turn              (no ring)
                                (no ring)
                                (no ring)

@: berserking (expiring), lethally poisoned (0 -> -11), acrobat, very slow
A: almost no armour, stealthy swim, amphibious, 8 rings, constrict 8, camouflage
1, gelatinous body 1
a: Bend Time, Renounce Religion


You were on level 6 of the Dungeon.
You worshipped Cheibriados.
Cheibriados was noncommittal.
You were very hungry.

You visited 2 branches of the dungeon, and saw 7 of its levels.
You also visited: Sewer.

You collected 345 gold pieces.

Inventory:

Missiles
 r - 28 poisoned darts (quivered)
 w - 36 arrows
Armour
 o - a +0 buckler (worn)
Jewellery
 a - a ring of stealth (left tentacle)
 i - a ring of stealth (on tentacle)
 I - a ring of protection from cold (right tentacle)
 Q - an amulet of the acrobat (around mantle)
Wands
 m - a wand of random effects (9)
 q - a wand of flame (17)
 y - a wand of acid (1)
Scrolls
 d - a scroll of amnesia {unknown}
 e - 5 scrolls of fear
 g - 2 scrolls of random uselessness
 h - 3 scrolls of remove curse {unknown}
 n - a scroll of immolation
 p - 2 scrolls of enchant armour
 s - 2 scrolls of enchant weapon
 t - a scroll of teleportation
 u - a scroll of blinking {unknown}
Potions
 f - a potion of heal wounds {unknown}
 j - a potion of brilliance
 v - 3 potions of haste {unknown}
 z - a potion of flight {unknown}
Comestibles
 c - 13 rations


   Skills:
 + Level 3.6 Fighting
 - Level 2.5 Dodging
 + Level 3.1 Shields
 + Level 4.8 Unarmed Combat
 * Level 5.4 Spellcasting
 * Level 5.7 Transmutations


You had 7 spell levels left.
You knew the following spells:

 Your Spells              Type           Power        Failure   Level  Hunger
a - Beastly Appendage     Tmut           ####..       1%          1    None
b - Sticks to Snakes      Tmut           ####....     1%          2    None
c - Spider Form           Tmut/Pois      ###.......   12%         3    ##.....
d - Ice Form              Ice/Tmut       ###.....     38%         4    ####...

Your spell library contained the following spells:

 Spells                   Type           Power        Failure   Level  Hunger
 Blade Hands              Tmut           ####......   34%         5    #####..


Dungeon Overview and Level Annotations

Branches:
Dungeon (6/15)             Temple (1/1) D:5           Sewer (visited)

Altars:
Cheibriados
Dithmenos
Fedhas
Hepliaklqana
Kikubaaqudgha
Makhleb
Nemelex Xobeh
Okawaru
Qazlal
Ru
Sif Muna
Trog
Uskayaw
Vehumet
Xom
Zin
The Shining One

Annotations:
D:6 Grinder


Innate Abilities, Weirdness & Mutations

You cannot wear most types of armour.
You are very stealthy in the water. (Stealth+)
You are amphibious.
You can wear up to eight rings at the same time.
You can use your tentacles to constrict eight enemies at once.
Your skin changes colour to match your surroundings (Stealth+).
Your rubbery body absorbs attacks. (AC +1, EV +1)


Message History

* * * LOW HITPOINT WARNING * * *
You feel sick. The scorpion barely misses you.
It was a potion of berserk rage.
A red film seems to cover your vision as you go berserk!
Cheibriados protects you from inadvertent hurry.
You feel mighty!
* * * LOW HITPOINT WARNING * * *
You feel sick. The scorpion barely misses you.
You are too berserk!
Unknown command.
You are too berserk!
You feel a strong urge to attack something.
Your surroundings suddenly seem different.
* * * LOW HITPOINT WARNING * * *
You feel sick.
An orc priest comes into view. It is wielding a +0 falchion.
The orc priest shouts!
You hear an angry growl.
Your transformation has ended.
Your +0 buckler unmelds from your body.
You die...

*********,*#####.#*,,,,,,#.#.....
,,,,.,,**,*......,..**,**#.#.<..$
,,,,..,**>,.....,..***,* #.#..#.#
,,,,...#*,*,...,,.,*,,,* #.#..#.#
,,,,.....,**#o#*.#**.#####.#..#5#
,,,,......###.##.###........5...#
,,,,..W........................ยง.
,,,,......###..######.####...h...
,,,,.....,*#....@# #.# #.######
,,,,....,,*#.#.#.####.# #5# *
****#oo,,,*#.#.#....(o# #.# *
#.,,,,*#.#..####..####.# *
#,,,,,*#.##.# #55Z..5.# *
*******#.##.## ##s###### * #.##..#
#.# * ##########.###.# #.# *
#........#.# #.## #.# *


There were no monsters in sight!

Vanquished Creatures
  Purgy (Sewer)
  A phantom (D:6)
  An ogre (D:6)
  2 big kobolds (Sewer)
  A bullfrog (D:6)
  A howler monkey (D:6)
  A bullfrog zombie (D:5)
  2 hounds (D:4)
  A gnoll shaman (D:5)
  3 orc priests
  An iguana (D:5)
  7 orc wizards
  3 worker ants
  A hound skeleton (D:5)
  A worker ant zombie (D:5)
  7 gnolls
  9 adders
  An ooze (D:2)
  An adder zombie (D:5)
  A worm (D:3)
  4 dart slugs
  3 leopard geckos
  21 orcs
  13 giant cockroaches
  8 goblins
  13 hobgoblins
  A quokka (D:2)
  2 ball pythons
  12 bats
  6 frilled lizards
  A jackal skeleton (D:5)
  11 kobolds
  A leopard gecko skeleton (D:5)
  14 rats
156 creatures vanquished.

Vanquished Creatures (collateral kills)
  A worker ant (D:4)
1 creature vanquished.

Grand Total: 157 creatures vanquished

Notes
Turn   | Place    | Note
-------+----------+-------------------------------------------
     0 | D:1      | mortelune the Octopode Transmuter began the quest for the
                  | Orb.
     0 | D:1      | Reached XP level 1. HP: 13/13 MP: 3/3
   347 | D:1      | Reached XP level 2. HP: 18/18 MP: 5/5
   699 | D:1      | Learned a level 2 spell: Sticks to Snakes
   986 | D:1      | Reached XP level 3. HP: 18/23 MP: 6/6
   991 | D:1      | Learned a level 3 spell: Spider Form
  1716 | D:2      | Reached XP level 4. HP: 11/28 MP: 0/7
  2086 | D:2      | Found a radiant altar of Vehumet.
  2088 | D:2      | Found a shimmering altar of Xom.
  2089 | D:2      | Found a blossoming altar of Fedhas.
  3130 | D:3      | Reached XP level 5. HP: 29/34 MP: 9/9
  4007 | D:3      | Reached skill level 1 in Shields
  4007 | D:3      | Reached XP level 6. HP: 30/39 MP: 9/11
  5349 | D:4      | Noticed a phantom
  5431 | D:4      | Reached XP level 7. HP: 33/45 MP: 11/13
  5437 | D:4      | Learned a level 4 spell: Ice Form
  5923 | D:4      | Found a glowing golden altar of the Shining One.
  6328 | D:5      | Entered Level 5 of the Dungeon
  7106 | D:6      | Found a glowing drain.
  7296 | Sewer    | Entered a sewer
  7559 | Sewer    | Noticed Purgy
  7582 | Sewer    | Killed Purgy
  7582 | Sewer    | Reached skill level 5 in Transmutations
  7582 | Sewer    | Reached XP level 8. HP: 9/52 MP: 12/15
  8161 | D:5      | Reached skill level 5 in Spellcasting
  8963 | D:5      | Found a staircase to the Ecumenical Temple.
  9008 | Temple   | Entered the Ecumenical Temple
  9200 | Temple   | Became a worshipper of Cheibriados the Contemplative
  9519 | D:6      | Noticed Grinder
  9546 | D:6      | HP: 4/81 [poisoned by a scorpion]
  9548 | D:6      | Succumbed to a scorpion's poison

Levels and vault maps discovered:
D:1:      matt_arrival_refuge, layout_basic, minmay_octomino_c4
D:2:      layout_basic, grunt_temple_overflow_open, kennysheep_generic_room_12
D:3:      layout_loops_ring, first_ration
D:4:      layout_cave_pods, tso_oasis_becter
D:5:      layout_rooms, minmay_temple_entry_nine_rooms,
          chequers_serial_rivers_micro_e, chequers_serial_rivers_marsh,
          minmay_hedge_maze
D:6:      layout_basic, gup_sewer_entry_glass, uniq_grinder
Temple:   oiseaux_autumnal_temple

Skill      XL: |  1  2  3  4  5  6  7  8 |
---------------+-------------------------+-----
Spellcasting   | 3 4 5 |  5.4
Transmutations | 3 4 5 |  5.7
Fighting       | 2 3 |  3.6
Shields        | 1 2 3 |  3.1
Unarmed Combat | 4 |  4.8
Dodging        | |  2.5

Action                   |  1- 3 |  4- 6 |  7- 9 || total
-------------------------+-------+-------+-------++-------
Melee: Unarmed           |    77 |   190 |   217 ||   484
       Constrict         |    18 |    41 |    22 ||    81
       Kick              |     3 |    13 |     7 ||    23
       Tentacles         |     9 |    25 |    18 ||    52
       Punch             |     1 |     3 |       ||     4
Throw: Dart              |       |     8 |     2 ||    10
 Cast: Beastly Appendage |     3 |     8 |     4 ||    15
       Spider Form       |     3 |     7 |    14 ||    24
       Sticks to Snakes  |       |     3 |     5 ||     8
Evoke: Wand              |       |       |     1 ||     1
  Use: Potion            |       |     1 |     5 ||     6
       Scroll            |       |       |     9 ||     9
 Stab: Sleeping          |    12 |     4 |     6 ||    22
  Eat: Chunk             |     3 |    13 |     6 ||    22
       Ration            |       |       |     2 ||     2
Armor: Skin              |     8 |    14 |     8 ||    30
Dodge: Dodged            |    47 |   117 |   163 ||   327
Block: Buckler           |       |    18 |    21 ||    39
